 Dungeon Crawl Stone Soup version 0.17-a0-1691-g18a3847 (webtiles) character file.

42 MikeDS the Insei (level 3, -1/29 HPs)
             Began as a Demonspawn Monk on Aug 20, 2015.
             Slain by an adder (4 damage)
             ... on level 2 of the Dungeon.
             The game lasted 00:10:42 (1742 turns).

MikeDS the Insei (Demonspawn Monk)                  Turns: 1742, Time: 00:10:42

Health: -1/29      AC:  3    Str: 11    XL:     3   Next: 33%
Magic:  3/3        EV: 13    Int: 11    God:
Gold:   85         SH:  0    Dex: 16    Spells: 0 memorised, 2 levels left

rFire  . . .     SeeInvis .       - Unarmed
rCold  . . .     Clarity  .     a - +0 robe
rNeg   . . .     SustAt   .     (no shield)
rPois  .         Gourm    .     (helmet restricted)
rElec  .         Spirit   .     (no cloak)
rCorr  .         Warding  .     (no gloves)
rMut   .         Stasis   .     (no boots)
MR     .....                    (no amulet)
Stlth  ++........               (no ring)
                                (no ring)

@: lethally poisoned (-1 -> -3), drained, not resistant to hostile enchantments,
unstealthy
A: beak, claws 1, rugged brown scales 1, powered by pain 1, screaming 1
a: no special abilities


You were on level 2 of the Dungeon.
You were not hungry.

You visited 1 branch of the dungeon, and saw 3 of its levels.

You collected 85 gold pieces.

Inventory:

Hand weapons
 h - a +0 hunting sling
 m - a +0 dagger
 v - a +2 dagger of draining
Missiles
 l - 14 sling bullets
Armour
 a - a +0 robe (worn)
Jewellery
 r - a cursed ring of loudness {unknown}
Scrolls
 c - a scroll of identify
 d - a scroll of amnesia
 o - a scroll of immolation
 p - a scroll of teleportation {unknown}
 t - a scroll of random uselessness {unknown}
 u - a scroll of enchant weapon {unknown}
Potions
 e - a potion of mutation
 f - a potion of invisibility
 i - a potion of magic {unknown}
 j - a potion of might
 k - a potion of heal wounds {unknown}
 n - a potion of ambrosia {unknown}
Comestibles
 b - a bread ration
 g - 7 fruits
 s - a slice of pizza


   Skills:
 + Level 3.4(3.2) Fighting
 + Level 1.1(0.9) Throwing
 + Level 2.7(2.5) Dodging
 - Level 2.1(1.8) Stealth
 + Level 3.9(3.7) Unarmed Combat


You had 2 spell levels left.
You didn't know any spells.

Dungeon Overview and Level Annotations

Branches:
Dungeon (3/15)

Altars:
Ru
Sif Muna
Vehumet

Annotations:
D:3 karlkraus's ghost, average MiFi


Innate Abilities, Weirdness & Mutations

You have sharp fingernails.
You sometimes gain a little power by taking damage.
You have a beak for a mouth.
You are partially covered in rugged brown scales (AC +1, +3% HP).
You occasionally shout uncontrollably at your foes.


Message History

The adder is severely wounded.
You feel sick. The adder misses you. The adder barely misses you.
The kobold hits you with a club.
* * * LOW HITPOINT WARNING * * *
You miss the adder. Your peck misses the adder.
The adder is severely wounded.
The adder barely misses you. The kobold hits you with a club.
* * * LOW HITPOINT WARNING * * *
The adder barely misses you.
You climb upwards.
* * * LOW HITPOINT WARNING * * *
You feel sick.
There is a stone staircase leading down here.
Drink which item? (? for menu, Esc to quit)
Okay, then.
The kobold throws a stone.
The stone misses you.
* * * LOW HITPOINT WARNING * * *
You feel sick. The adder bites you.
You die...

#........#.......#...........#..
##............>.........#........
#........##.....####.......(#....
.................###.##...#.#....
.........##...........(.....#....
.........##..>.......[..)........
.........##........#......###....
#.............K.S.........##..#..
...#######......@.(..##...##.###.
(...## ###..%......#####.#...####
.....###...............##.....###
.....#...........#####..........#
.......#.........# ##.........#
....####.........# ###.....###
....## #......<..# ##...## .....#
#.........# ##### .....#
###########


You could see an adder and a kobold.

Vanquished Creatures
  An ooze (D:2)
  6 bats
  A giant cockroach (D:1)
  8 goblins
  6 hobgoblins
  4 kobolds
  A quokka (D:2)
  2 giant newts
  5 rats
34 creatures vanquished.

Notes
Turn   | Place    | Note
--------------------------------------------------------------
     0 | D:1      | MikeDS the Demonspawn Monk began the quest for the Orb.
     0 | D:1      | Reached XP level 1. HP: 18/18 MP: 1/1
   232 | D:1      | Gained mutation: You have sharp fingernails. [demonic ancestry]
   232 | D:1      | Reached XP level 2. HP: 24/24 MP: 2/2
   989 | D:2      | Found a radiant altar of Vehumet.
   989 | D:2      | Found a deep blue altar of Sif Muna.
   990 | D:2      | Found a sacrificial altar of Ru.
  1147 | D:2      | Reached skill level 1 in Throwing
  1147 | D:2      | Gained mutation: You sometimes gain a little power by taking damage. [demonic ancestry]
  1147 | D:2      | Reached XP level 3. HP: 21/29 MP: 3/3
  1482 | D:2      | Gained mutation: You have a beak for a mouth. [potion of mutation]
  1482 | D:2      | Gained mutation: You are partially covered in rugged brown scales (AC +1, +3% HP). [potion of mutation]
  1482 | D:2      | Gained mutation: You occasionally shout uncontrollably at your foes. [potion of mutation]
  1488 | D:3      | Noticed karlkraus's ghost (average MiFi)
  1742 | D:2      | Slain by an adder

Vault maps used:
D:1:      dpeg_arrival_boxorama, serial_forest, infiniplex_forest_lined_4_way,
          infiniplex_forest_straight_3, infiniplex_forest_clump_curved,
          infiniplex_forest_lined_room_, infiniplex_forest_lined_room_
D:2:      gammafunk_temple_overflow_forgotten
D:3:      first_bread, nicolae_ru_sacrificial_ziggurat

Action                   || total
-------------------------++-------
Melee: Unarmed           ||    98
  Use: Scroll            ||     2
       Potion            ||     3
 Stab: Sleeping          ||     3
       Invisible         ||     1
  Eat: Chunk             ||     2
       Fruit             ||     1
